[Event "Late-Titled-Tuesday-Blitz-January-23-2024"]
[Site "Chess.com"]
[Date "2024.01.23"]
[Round "4"]
[White "ChristopherYoo"]
[Black "yaguigor"]
[Result "1-0"]
[WhiteElo "2974"]
[BlackElo "2633"]
[TimeControl "180+1"]
[EndTime "14:37:18 PST"]
[Termination "ChristopherYoo won by resignation"]

1. e4 c5 2. Nf3 Nc6 3. Bb5 Nf6 4. Nc3 Qc7 5. O-O Nd4 6. Re1 a6 7. e5 Nxb5 8. exf6 gxf6 9. Nd5 Qd6 10. c4 Nc7 11. d4 Nxd5 12. dxc5 Qxc5 13. cxd5 d6 14. Bf4 Bg4 15. Qb3 Qb5 16. Bxd6 Qxb3 17. axb3 Bxf3 18. gxf3 Kd7 19. Bf4 Rc8 20. Rac1 Bg7 21. Rc4 f5 22. Rec1 Rxc4 23. bxc4 Rc8 24. b4 Bb2 25. Rc2 Bd4 26. c5 a5 27. Rc4 Bf6 28. bxa5 e6 29. a6 exd5 30. axb7 dxc4 31. c6+ Kd8 32. b8=Q Rxb8 33. c7+ 1-0

[Event "Late-Titled-Tuesday-Blitz-January-23-2024"]
[Site "Chess.com"]
[Date "2024.01.23"]
[Round "4"]
[White "Mikhail_Golubev"]
[Black "IranianCheetah"]
[Result "1-0"]
[WhiteElo "2523"]
[BlackElo "2345"]
[TimeControl "180+1"]
[EndTime "14:37:19 PST"]
[Termination "Mikhail_Golubev won on time"]

1. e4 e5 2. Nf3 Nc6 3. Bc4 Bc5 4. c3 Nf6 5. d4 exd4 6. cxd4 Bb4+ 7. Nbd2 Nxe4 8. d5 Ne7 9. O-O Nxd2 10. Nxd2 O-O 11.
Ne4 d6 12. a3 Ba5 13. b4 Bb6 14. Bb2 Nf5 15. Re1 Qh4 16. g3 Qh3 17. Rc1 Bd7 18.
Qd3 Rfe8 19. Bb5 Nh6 20. Bxd7 Qxd7 21. a4 Qxa4 22. Ng5 Rxe1+ 23. Rxe1 f5 24. Re7 1-0

[Event "Late-Titled-Tuesday-Blitz-January-23-2024"]
[Site "Chess.com"]
[Date "2024.01.23"]
[Round "4"]
[White "yobdc"]
[Black "TanitoluwaAps116"]
[Result "1-0"]
[WhiteElo "2553"]
[BlackElo "2713"]
[TimeControl "180+1"]
[EndTime "14:37:23 PST"]
[Termination "yobdc won by resignation"]

1. d4 Nf6 2. c4 e6 3. Nf3 b6 4. a3 Bb7 5. Nc3 Be7 6. Qc2 d5 7. cxd5 Nxd5 8. e4 Nxc3 9. bxc3 O-O 10. Bd3 c5 11. Qe2 cxd4 12. cxd4 Nc6 13. Bb2 Bf6 14. e5 Be7 15. h4 h6 16. Qe4 g6 17.
Qg4 h5 18. Qf4 Na5 19. Qh6 Qd7 20. Bxg6 fxg6 21. Qxg6+ Kh8 22. Qh6+ Kg8 23. Rh3 Rf5 24. Rg3+ Bg5 25. Nxg5 Qg7 26. Nxe6 Qxg3 27. fxg3 Kf7 28. Ng5+ Ke7 29. Qh7+ Kd8 30. Qxf5 1-0

[Event "Late-Titled-Tuesday-Blitz-January-23-2024"]
[Site "Chess.com"]
[Date "2024.01.23"]
[Round "4"]
[White "GlavkonVVS"]
[Black "dozer80"]
[Result "0-1"]
[WhiteElo "2503"]
[BlackElo "2716"]
[TimeControl "180+1"]
[EndTime "14:37:24 PST"]
[Termination "dozer80 won by checkmate"]

1. c4 e5 2. Nc3 Bb4 3. g3 Bxc3 4. bxc3 d6 5. Bg2 f5 6. d3 Nf6 7. Nh3 O-O 8. O-O Nc6 9. f4 e4 10. Nf2 Re8 11. Qc2 Qe7 12. Rb1 b6 13. g4 Bb7 14.
gxf5 exd3 15. exd3 Qd7 16. Ne4 Qxf5 17. Ng3 Qg4 18. Rb5 h6 19. Qf2 a6 20. Rb2 Na5 21.
Bxb7 Nxb7 22. Be3 Qh3 23. Bd4 Ng4 24. Qg2 Qxg2+ 25. Kxg2 Nc5 26. Rf3 Ne6 27. h3 Nxd4 28. cxd4 Ne3+ 29. Kg1 Nd1 30. Re2 Nc3 31. Rc2 Re1+ 32.
Rf1 Rxf1+ 33. Kxf1 Na4 34. Re2 Rf8 35. f5 Rf7 36. Kg2 b5 37. Rc2 Kf8 38. Kf3 Ke8 39. Ke4 Re7+ 40. Kd5 Kd7 41. cxb5 Nb6# 0-1

[Event "Late-Titled-Tuesday-Blitz-January-23-2024"]
[Site "Chess.com"]
[Date "2024.01.23"]
[Round "4"]
[White "familijatop71"]
[Black "PNEPaul"]
[Result "1-0"]
[WhiteElo "2257"]
[BlackElo "1897"]
[TimeControl "180+1"]
[EndTime "14:37:24 PST"]
[Termination "familijatop71 won by resignation"]

1. e4 e5 2. Nf3 Nc6 3. Bc4 Be7 4. O-O Nf6 5. d3 O-O 6. Nc3 d6 7. a4 Bg4 8. h3 Bh5 9. Be3 Nd4 10. Bxd4 exd4 11. Nd5 Nxd5 12. Bxd5 c6 13. Bb3 Kh8 14. g4 Bg6 15. Nd2 d5 16. f4 f6 17. f5 Bf7 18.
Qf3 dxe4 19. Nxe4 Bxb3 20. cxb3 Qd5 21. Nd2 Qxf3 22. Nxf3 Rfd8 23. Rfe1 Bb4 24. Re4 c5 25. Kf2 Rd7 26. h4 Kg8 27. g5 a6 28. Rg1 fxg5 29.
hxg5 b5 30. Ne5 Re7 31. f6 Re6 32. f7+ Kf8 33. Ke2 Ra7 34. Rf1 Rae7 35. Nd7+ Rxd7 36. Rxe6 Rxf7 37. Rxf7+ Kxf7 38. Rxa6 bxa4 39. bxa4 1-0

[Event "Late-Titled-Tuesday-Blitz-January-23-2024"]
[Site "Chess.com"]
[Date "2024.01.23"]
[Round "4"]
[White "VladimirKramnik"]
[Black "Yurovskykh_Oleksandr"]
[Result "1-0"]
[WhiteElo "2942"]
[BlackElo "2614"]
[TimeControl "180+1"]
[EndTime "14:37:25 PST"]
[Termination "VladimirKramnik won by resignation"]

1. e4 e6 2. d4 d5 3. exd5 exd5 4. Nf3 Bd6 5. c4 Nf6 6. Nc3 O-O 7. cxd5 Nbd7 8. Bc4 Nb6 9. Bb3 Re8+ 10. Be3 Ng4 11. O-O Rxe3 12. fxe3 Nxe3 13. Qd3 Nxf1 14. Rxf1 f6 15.
Nh4 Qe7 16. Bc2 g6 17. Nxg6 hxg6 18. Qxg6+ Qg7 19. Qe8+ Bf8 20. d6 Bg4 21. d7 Qxd7 22. Qg6+ Qg7 23. Rxf6 Qxg6 24. Rxg6+ Bg7 25. Rxg4 Rd8 26.
Bb3+ Kf8 27. Rf4+ Ke8 28. Ne2 Nd5 29. Re4+ Kf8 30. Bxd5 Rxd5 31. Nf4 Ra5 32. Ne6+ Kf7 33. Nxg7 Kxg7 34. Re7+ Kf6 35. Rxc7 Rxa2 36. Rxb7 Ke6 37. h4 Kd5 38. h5 Ra6 39. Kh2 Kxd4 40. g4 Ke4 41.
Kg3 Rd6 42. Re7+ Kd5 43. g5 1-0

[Event "Late-Titled-Tuesday-Blitz-January-23-2024"]
[Site "Chess.com"]
[Date "2024.01.23"]
[Round "4"]
[White "Ali_rastbod"]
[Black "PoXerStar"]
[Result "1-0"]
[WhiteElo "2698"]
[BlackElo "2443"]
[TimeControl "180+1"]
[EndTime "14:37:25 PST"]
[Termination "Ali_rastbod won by resignation"]

1. d4 Nf6 2. Nf3 c5 3. d5 g6 4. Nc3 Bg7 5. e4 d6 6. Bb5+ Bd7 7. a4 O-O 8. h3 Bxb5 9. axb5 Nbd7 10. O-O Ne8 11. Qe2 Nc7 12. Bf4 Re8 13. Rfd1 Nb6 14.
e5 dxe5 15. Bxe5 Nc8 16. Bxg7 Kxg7 17. Ne4 b6 18. Ne5 Nd6 19. Nc6 Qd7 20. c4 a6 21.
bxa6 Nxa6 22. b3 Nc7 23. Qb2+ f6 24. Rxa8 Rxa8 25. Re1 Nf5 26. g4 Nd6 27. Nxc5 bxc5 28. Rxe7+ Qxe7 29. Nxe7 Re8 30. g5 Ne4 31. d6 Ne6 32.
gxf6+ Nxf6 33. Qe5 Kf7 34. Nd5 Nd4 35. Qxf6+ 1-0

[Event "Late-Titled-Tuesday-Blitz-January-23-2024"]
[Site "Chess.com"]
[Date "2024.01.23"]
[Round "4"]
[White "GMRAVEN_ON_YOUTUBE"]
[Black "1mbl4"]
[Result "1-0"]
[WhiteElo "2849"]
[BlackElo "2585"]
[TimeControl "180+1"]
[EndTime "14:37:27 PST"]
[Termination "GMRAVEN_ON_YOUTUBE won by resignation"]

1. f4 d5 2. Nf3 Nf6 3. e3 g6 4. b3 Bg7 5. Bb2 O-O 6. Be2 c5 7. O-O Nc6 8. Ne5 Bd7 9. Nxd7 Qxd7 10. Bf3 Rac8 11. Nc3 d4 12. Ne4 Nxe4 13. Bxe4 Rfd8 14. Qf3 f5 15. Bd3 dxe3 16. Bxg7 Kxg7 17. dxe3 e5 18.
Rad1 Qe7 19. e4 Nd4 20. Qf2 fxe4 21. Bxe4 exf4 22. Rde1 Qf6 23. c3 Nb5 24. Bxb7 Rc7 25. Bf3 Nxc3 26. Bg4 Qd4 27. h4 Nxa2 28. Kh2 Qxf2 29.
Rxf2 Nb4 30. Ra1 Rd4 31. Be6 Nd3 32. Rfa2 Kf6 33. Bc4 Ne5 34. Ra6+ Kf5 35. Be6+ Ke4 36. Re1+ Kd3 37. Rxe5 f3 38. Bc4+ Kc3 39. Re3+ Kd2 40.
Rxf3 Rxh4+ 41. Kg3 Rd4 42. Ra2+ Kc1 43. Rf1+ Rd1 44. Ra1+ 1-0

[Event "Late-Titled-Tuesday-Blitz-January-23-2024"]
[Site "Chess.com"]
[Date "2024.01.23"]
[Round "4"]
[White "kingofthenil"]
[Black "Road2GM3000"]
[Result "0-1"]
[WhiteElo "2686"]
[BlackElo "2473"]
[TimeControl "180+1"]
[EndTime "14:37:27 PST"]
[Termination "Road2GM3000 won by checkmate"]

1. e4 c5 2. d3 Nc6 3. g3 d6 4.
Bg2 g6 5. f4 Bg7 6. Nf3 Bg4 7.
O-O Nd4 8. Nbd2 e6 9. h3 Bxf3 10. Nxf3 Ne7 11. Nh2 Qb6 12. Kh1 h5 13. c3 Ndc6 14. Nf3 d5 15. Qb3 dxe4 16. dxe4 Qxb3 17. axb3 O-O-O 18. Ng5 Rhf8 19. Be3 Rd3 20. Bxc5 Rxg3 21.
b4 e5 22. b5 b6 23. Ba3 Rd8 24. Nxf7 Rd2 25. Rg1 exf4 26. Raf1 Ne5 27. Nxe5 Bxe5 28. Bxe7 f3 29. Rxf3 Rxf3 30. Ra1 Rff2 31. Rg1 Rxb2 32. h4 Bf4 33. c4 Be3 34. Ba3 Ra2 35. Bd6 Rfd2 36.
Bh3+ Kd8 37. Bb4 Rh2# 0-1

[Event "Late-Titled-Tuesday-Blitz-January-23-2024"]
[Site "Chess.com"]
[Date "2024.01.23"]
[Round "4"]
[White "LyonBeast"]
[Black "Fandorine"]
[Result "1-0"]
[WhiteElo "3174"]
[BlackElo "2973"]
[TimeControl "180+1"]
[EndTime "14:37:28 PST"]
[Termination "LyonBeast won by resignation"]

1. e4 e5 2. Nf3 Nc6 3. Bc4 Nf6 4. d3 Bc5 5. O-O d6 6. c3 h6 7.
a4 a5 8. Na3 O-O 9. Nc2 Nh7 10.
Ne3 Ng5 11. Nxg5 Qxg5 12. Nd5 Qd8 13. Kh1 Be6 14. f4 exf4 15. d4 Ba7 16. Bxf4 Ne7 17. Qh5 Bxd5 18. Bxd5 Nxd5 19. Qxd5 Qc8 20. Rf3 Bb6 21.
Raf1 Qe6 22. Qxb7 Rae8 23. e5 d5 24. Qa6 f5 25. exf6 Rxf6 26. Be5 Rxf3 27. Rxf3 Qg6 28. h3 Qb1+ 29. Qf1 Qxf1+ 30. Rxf1 c5 31. Rd1 c4 32. b3 Rc8 33. Rb1 cxb3 34. Rxb3 Rc6 35. Rb5 Kf7 36. Rxd5 Rxc3 37. Rd7+ Ke6 38. Rd6+ 1-0

[Event "Late-Titled-Tuesday-Blitz-January-23-2024"]
[Site "Chess.com"]
[Date "2024.01.23"]
[Round "4"]
[White "ArtemDyachuk"]
[Black "Fernando_Offermann"]
[Result "1-0"]
[WhiteElo "2615"]
[BlackElo "2381"]
[TimeControl "180+1"]
[EndTime "14:37:29 PST"]
[Termination "ArtemDyachuk won on time"]

1. e4 c5 2. Nf3 d6 3. d4 cxd4 4. Nxd4 Nf6 5. Nc3 a6 6. Nb3 b5 7. a4 b4 8. Nd5 Bb7 9. Nxf6+ gxf6 10. Bd3 h5 11. O-O Nd7 12. a5 h4 13. Qe2 Qc7 14.
Ra4 f5 15. Rxb4 fxe4 16. Rxb7 Qxb7 17. Bxe4 d5 18. Bf3 e6 19. Rd1 Be7 20. Nd4 Qb4 21.
Nc6 Qb5 22. c4 Qxc6 23. cxd5 Qb5 24. Qxb5 axb5 25. dxe6 Rxa5 26. exd7+ Kd8 27. Be3 Ra6 28. Bg4 Bf6 29. Rc1 Bxb2 30. Rc8+ Ke7 31. h3 Be5 32. f4 Bf6 33. Bc5+ Rd6 34. Rxh8 1-0

[Event "Late-Titled-Tuesday-Blitz-January-23-2024"]
[Site "Chess.com"]
[Date "2024.01.23"]
[Round "4"]
[White "masnyszachistaaa"]
[Black "vladoboch"]
[Result "0-1"]
[WhiteElo "2527"]
[BlackElo "2408"]
[TimeControl "180+1"]
[EndTime "14:37:29 PST"]
[Termination "vladoboch won on time"]

1. Nf3 c5 2. e4 Nc6 3. Bb5 e6 4. Bxc6 bxc6 5. O-O Ne7 6. d3 Ng6 7. e5 f6 8. exf6 Qxf6 9. Nc3 Be7 10. Ne4 Qf7 11. Be3 d6 12. d4 O-O 13. dxc5 d5 14. Nd6 Bxd6 15. cxd6 e5 16. Ne1 d4 17. Bd2 Qd5 18. Nd3 c5 19. f3 Qxd6 20. Nf2 Bf5 21. Re1 c4 22. Ne4 Qc6 23. Bb4 Rf7 24. Qd2 a5 25. Bxa5 Bxe4 26. Rxe4 c3 27. bxc3 Rxa5 28. cxd4 Rd5 29. c3 exd4 30. cxd4 Rfd7 31. Rae1 h6 32. Re6 R7d6 33. Rxd6 Qxd6 34. Rd1 Ne7 35. g3 Nc6 36. Kg2 Rxd4 0-1

[Event "Late-Titled-Tuesday-Blitz-January-23-2024"]
[Site "Chess.com"]
[Date "2024.01.23"]
[Round "4"]
[White "ATM622"]
[Black "SocoLoco"]
[Result "1-0"]
[WhiteElo "2472"]
[BlackElo "2205"]
[TimeControl "180+1"]
[EndTime "14:37:29 PST"]
[Termination "ATM622 won on time"]

1. d4 d5 2. c4 Nc6 3. cxd5 Qxd5 4. e3 e5 5. Nc3 Bb4 6. Bd2 Bxc3 7. bxc3 Nf6 8. c4 Qd6 9. d5 Ne7 10. a3 Nd7 11.
Ne2 a5 12. Nc3 Nc5 13. Nb5 Qd8 14. Bc3 Ng6 15. d6 cxd6 16. Nxd6+ Ke7 17. Nb5 Qxd1+ 18.
Rxd1 Be6 19. Be2 Rhc8 20. Nd6 Rc7 21. Nb5 Rcc8 22. Ba1 f6 23. O-O Nf8 24. f4 Nfd7 25. fxe5 Nxe5 26. Bxe5 fxe5 27. Rd6 Ne4 28. Rb6 Bxc4 29.
Rxb7+ Ke6 30. Bg4+ Kd5 31. Rc1 Rc5 32. Nc3+ Nxc3 33.
Rxc3 Rg8 34. Rb6 1-0

[Event "Late-Titled-Tuesday-Blitz-January-23-2024"]
[Site "Chess.com"]
[Date "2024.01.23"]
[Round "4"]
[White "ChEsper99"]
[Black "IngOscarArdila"]
[Result "0-1"]
[WhiteElo "2112"]
[BlackElo "2372"]
[TimeControl "180+1"]
[EndTime "14:37:29 PST"]
[Termination "IngOscarArdila won on time"]

1. d4 Nf6 2. Bf4 e6 3. Nf3 Be7 4.
c3 d6 5. e3 Nbd7 6. Bd3 b6 7.
Nbd2 Bb7 8. O-O Nh5 9. Bg3 Nxg3 10. hxg3 O-O 11. Qc2 f5 12. e4 g6 13. a4 a5 14. Qb3 d5 15. exd5 Bxd5 16. Bc4 Nf6 17.
Bxd5 Qxd5 18. Qxd5 exd5 19. Rfe1 Bd6 20. Ne5 Ne4 21.
Rad1 Rfe8 22. Nd3 Kg7 23. Nf3 Re7 24. Nfe5 Rae8 25. Re2 h6 26. Kh2 g5 27. f3 Nf6 28.
Rde1 h5 29. Kg1 c5 30. Kf1 c4 31. Nc1 Bxe5 32. Rxe5 Rxe5 33. Rxe5 Rxe5 34. dxe5 Nd7 35. f4 Kg6 36. b3 Nc5 37. bxc4 dxc4 38. Ne2 Nxa4 39.
Kf2 Nc5 40. Ke3 a4 41. Kd4 a3 0-1

[Event "Late-Titled-Tuesday-Blitz-January-23-2024"]
[Site "Chess.com"]
[Date "2024.01.23"]
[Round "4"]
[White "HajiyevKanan"]
[Black "GMHess"]
[Result "0-1"]
[WhiteElo "2562"]
[BlackElo "2812"]
[TimeControl "180+1"]
[EndTime "14:37:30 PST"]
[Termination "GMHess won by resignation"]

1. d4 g6 2. Nf3 Bg7 3. g3 c5 4. c3 Nf6 5. Bg2 O-O 6. O-O cxd4 7. cxd4 d5 8. Nc3 Nc6 9. Ne5 Na5 10. Bg5 Be6 11. Qa4 a6 12. Rfc1 Rc8 13. Qd1 h6 14.
Bxf6 Bxf6 15. e3 Qd6 16. f4 b5 17. Qf3 Rfd8 18. g4 Bxe5 19. fxe5 Qb4 20. Rc2 Nc4 21. Ne2 Nxe5 22. dxe5 Rxc2 23. Nd4 Rxb2 24. Rf1 Rb1 25. Nxe6 Rxf1+ 26. Bxf1 fxe6 27. Bd3 Qe1+ 28. Kg2 Rf8 29. Qh3 Rf2+ 0-1

[Event "Late-Titled-Tuesday-Blitz-January-23-2024"]
[Site "Chess.com"]
[Date "2024.01.23"]
[Round "4"]
[White "SEBAZZANO"]
[Black "stasOR4ik"]
[Result "0-1"]
[WhiteElo "2209"]
[BlackElo "2406"]
[TimeControl "180+1"]
[EndTime "14:37:30 PST"]
[Termination "stasOR4ik won on time"]

1. d4 d5 2. Bf4 c5 3. e4 cxd4 4. Qxd4 Nc6 5. Qxd5 Be6 6. Qxd8+ Rxd8 7. Na3 g6 8. Nf3 Bg7 9. c3 Nf6 10. Nd2 O-O 11.
Bc4 Nh5 12. Be3 Ne5 13. Bxe6 Nd3+ 14. Ke2 fxe6 15. Rab1 Nhf4+ 16. Kf1 Bh6 17. Nb5 Nh3 18. Nf3 Bxe3 19. fxe3 Nhf2 20. Rg1 Nxe4 21. Ke2 g5 22. Rgf1 g4 23. Nfd4 Rxf1 24. Rxf1 Nxb2 25. Rf4 Nf6 26.
Nxe6 Rc8 27. Rd4 a6 28. Nbc7 Kf7 29. Rd8 Rxd8 30. Nxd8+ Kg6 31. Nxb7 Na4 32. Nxa6 Nxc3+ 33. Kd3 Nxa2 34. Nac5 Nb4+ 35. Ke2 Nbd5 36. Nd8 Kf5 37. Nde6 Nc3+ 38. Kf2 Nce4+ 39. Ke2 Nxc5 0-1

[Event "Late-Titled-Tuesday-Blitz-January-23-2024"]
[Site "Chess.com"]
[Date "2024.01.23"]
[Round "4"]
[White "eCztery"]
[Black "SmirnovTimofey2000"]
[Result "1-0"]
[WhiteElo "2443"]
[BlackElo "1969"]
[TimeControl "180+1"]
[EndTime "14:37:31 PST"]
[Termination "eCztery won on time"]

1. d4 d5 2. Nf3 Nf6 3. Bf4 Bf5 4. e3 e6 5. Bd3 Ne4 6. c4 Be7 7. O-O g5 8. Be5 f6 9. Bg3 h5 10. cxd5 h4 11. Qc2 hxg3 12. Bxe4 gxh2+ 13. Nxh2 Bxe4 14. Qxe4 Qxd5 15. Qg6+ Kd7 16. Nc3 Qf5 17. Qxf5 exf5 18. Rac1 c6 19. e4 fxe4 20. Nxe4 Bd6 21. Nxf6+ Ke6 22.
Nhg4 Nd7 23. Rfe1+ Kf5 24. Nxd7 Kxg4 25. Ne5+ Kf5 26.
g3 Bxe5 27. Rxe5+ Kf6 28. Rce1 Rhd8 29. R1e4 Rd7 30. g4 Rad8 31. Rf5+ Kg6 32. Re6+ Kg7 33. Rxg5+ Kf7 34. Reg6 Rxd4 35. Rg7+ Kf6 36. R5g6+ Ke5 37. Rxb7 1-0

[Event "Late-Titled-Tuesday-Blitz-January-23-2024"]
[Site "Chess.com"]
[Date "2024.01.23"]
[Round "4"]
[White "Kostukov_Alex"]
[Black "ErikRonka"]
[Result "0-1"]
[WhiteElo "2302"]
[BlackElo "2488"]
[TimeControl "180+1"]
[EndTime "14:37:33 PST"]
[Termination "ErikRonka won by resignation"]

1. g3 d5 2. Bg2 Nf6 3. d3 e6 4.
e4 Be7 5. e5 Nfd7 6. Qe2 b5 7.
a4 b4 8. Nf3 Ba6 9. O-O O-O 10.
h4 c5 11. Bf4 Nc6 12. Nbd2 Qc7 13. Rfe1 Rfc8 14. c4 bxc3 15. bxc3 Rab8 16. c4 Nb4 17.
Reb1 Qd8 18. cxd5 Nxd5 19. Rxb8 Nxf4 20. gxf4 Nxb8 21. Nc4 Nc6 22. h5 h6 23. Rc1 Nb4 24. Rd1 Qd7 25. a5 Rd8 26. Ne1 Bxc4 27. f5 Bd5 28. f6 gxf6 29. Qg4+ Kh7 30. exf6 Bxf6 31. Be4+ Bxe4 32. Qxe4+ Kh8 33. Qf4 Bg5 34. Qe5+ f6 35. Qxc5 Nd5 36. Nf3 Rg8 37. Kf1 Qf7 38. Qd4 Qxh5 39.
Ke1 Qxf3 0-1

[Event "Late-Titled-Tuesday-Blitz-January-23-2024"]
[Site "Chess.com"]
[Date "2024.01.23"]
[Round "4"]
[White "jcibarra"]
[Black "Njal28"]
[Result "0-1"]
[WhiteElo "2859"]
[BlackElo "3047"]
[TimeControl "180+1"]
[EndTime "14:37:39 PST"]
[Termination "Njal28 won on time"]

1. e4 e5 2. Nf3 Nc6 3. Nc3 Nf6 4. h3 Bb4 5. Nd5 Ba5 6. c3 O-O 7. Bc4 Nxe4 8. d3 Nd6 9. Bg5 Qe8 10. Nf6+ gxf6 11. Bxf6 e4 12. O-O exf3 13. Qd2 Ne5 14. Rfe1 Ng6 15. g4 Qe6 16. Bxe6 fxe6 17. Qg5 Bb6 18. d4 Nf7 19. Qe3 d6 20. h4 e5 21.
h5 Nf4 22. Qxf3 Be6 23. dxe5 dxe5 24. Bxe5 Ng5 25. Qxb7 Bd5 26. Qa6 Nfh3+ 27. Kh2 Rxf2+ 28. Kg3 Rg2+ 29. Kh4 Bf2+ 0-1

[Event "Late-Titled-Tuesday-Blitz-January-23-2024"]
[Site "Chess.com"]
[Date "2024.01.23"]
[Round "4"]
[White "The_Machine04"]
[Black "brunoo2003"]
[Result "1-0"]
[WhiteElo "2716"]
[BlackElo "2530"]
[TimeControl "180+1"]
[EndTime "14:37:39 PST"]
[Termination "The_Machine04 won by resignation"]

1. d4 Nf6 2. Nf3 e6 3. Nbd2 c5 4. e3 d5 5. c3 Bd6 6. Bd3 O-O 7.
O-O Nc6 8. dxc5 Bxc5 9. b4 Bd6 10.
Bb2 Qe7 11. a3 e5 12. c4 e4 13. Bxf6 Qxf6 14. Bxe4 dxe4 15. Nxe4 Bxh2+ 16. Nxh2 Qe6 17. Nd6 Rd8 18. c5 b6 19. Qf3 Bd7 20. Rfd1 bxc5 21. bxc5 Ne5 22. Qe4 Bc6 23. Qf4 Qg6 24. e4 Qe6 25. Nf3 Nxf3+ 26. Qxf3 Rab8 27. Rac1 h6 28. Qf5 Qxf5 29. exf5 Kf8 30. Rc3 Ke7 31. Re1+ Kf6 32. f3 Rb2 33. Kh2 h5 34. Kg3 h4+ 35. Kh2 Rh8 36.
Kh3 g6 37. fxg6 Bd7+ 38. g4 hxg3+ 39. Kxg3 Rg8 40. Kf4 fxg6 41. Ne4+ Kg7 42. Rd1 Rf8+ 43. Ke3 Bc6 44. Rd6 Bxe4 45. fxe4 Rff2 46. c6 Rfe2+ 47. Kf4 Rf2+ 48. Ke5 Rb5+ 49. Rd5 Rb8 50. c7 Rc8 51. Rd8 1-0

[Event "Late-Titled-Tuesday-Blitz-January-23-2024"]
[Site "Chess.com"]
[Date "2024.01.23"]
[Round "4"]
[White "NtcPou"]
[Black "Ducke13"]
[Result "0-1"]
[WhiteElo "2007"]
[BlackElo "2298"]
[TimeControl "180+1"]
[EndTime "14:37:39 PST"]
[Termination "Ducke13 won on time"]

1. e4 c5 2. Nf3 d6 3. Bb5+ Nd7 4. O-O a6 5. Be2 Ngf6 6. Nc3 e6 7. d4 cxd4 8. Nxd4 Be7 9. Be3 O-O 10. f4 Qc7 11. g4 b5 12. g5 Ne8 13. Qe1 b4 14.
Nd1 Bb7 15. Bd3 Nc5 16. Bf2 e5 17. Nf5 exf4 18. Nxe7+ Qxe7 19. Bxc5 dxc5 20. Rxf4 Qxg5+ 21. Qg3 Qxg3+ 22. hxg3 Nd6 23. Ne3 Rae8 24. Nd5 c4 25.
Be2 Nxe4 26. Nxb4 Nxg3 27. Bg4 c3 0-1

[Event "Late-Titled-Tuesday-Blitz-January-23-2024"]
[Site "Chess.com"]
[Date "2024.01.23"]
[Round "4"]
[White "Felix-Rose"]
[Black "TV27"]
[Result "1-0"]
[WhiteElo "2327"]
[BlackElo "2183"]
[TimeControl "180+1"]
[EndTime "14:37:41 PST"]
[Termination "Felix-Rose won by resignation"]

1. d4 f5 2. Bg5 h6 3. Bh4 g5 4.
e3 Nf6 5. Bg3 d6 6. Bd3 Bg7 7. Nc3 O-O 8. f3 Nc6 9. Nge2 e5 10. h4 g4 11. Qd2 e4 12. fxe4 fxe4 13. Nxe4 Nxe4 14. Bxe4 d5 15. Bd3 Qe7 16. O-O-O Bd7 17.
Nf4 Nb4 18. Ng6 Nxd3+ 19. Qxd3 Qe6 20. Nxf8 Rxf8 21. Rhf1 Re8 22. Bf4 c6 23. c3 b5 24.
Rde1 a5 25. g3 a4 26. a3 Rf8 27. e4 dxe4 28. Qxe4 Qa2 29. Qb1 Qc4 30. Kd2 Bf5 31.
Qd1 Qd3+ 32. Kc1 Qb1+ 33. Kd2 Qxb2+ 34. Ke3 Re8+ 35. Be5 Bxe5 36. dxe5 Rxe5+ 37. Kf4 Rd5 38. Re8+ Kf7 39. Qe1 Qd2+ 40. Qxd2 Rxd2 41. Re5 Be6 42.
Ke3+ Ke7 43. Kxd2 Kd6 44. Rh5 1-0

[Event "Late-Titled-Tuesday-Blitz-January-23-2024"]
[Site "Chess.com"]
[Date "2024.01.23"]
[Round "4"]
[White "Rodalquilar"]
[Black "dosto07"]
[Result "1-0"]
[WhiteElo "2754"]
[BlackElo "2544"]
[TimeControl "180+1"]
[EndTime "14:37:44 PST"]
[Termination "Rodalquilar won by checkmate"]

1. d4 d5 2. Nf3 Nf6 3. Bf4 c5 4. e3 Nc6 5. c3 Qb6 6. Qc2 Bf5 7. dxc5 Bxc2 8. cxb6 axb6 9. Na3 Rxa3 10. bxa3 e6 11. Bb5 Bxa3 12. Nd4 Bg6 13. O-O Kd7 14. c4 Ra8 15. Be5 Bd6 16. Bxf6 gxf6 17. cxd5 exd5 18. Rfc1 Bc5 19. Rd1 Kd6 20. Ne2 Ra5 21. a4 Ke5 22. Nc3 d4 23. exd4+ Bxd4 24. Re1+ Kd6 25. Rad1 Kc5 26.
Ne4+ Kb4 27. Bxc6 bxc6 28. Rxd4+ Kb3 29. Re3+ Kc2 30. Rd2+ Kc1 31. Re1# 1-0

[Event "Late-Titled-Tuesday-Blitz-January-23-2024"]
[Site "Chess.com"]
[Date "2024.01.23"]
[Round "4"]
[White "Mazetovic"]
[Black "Vladimir_Zakhartsov"]
[Result "0-1"]
[WhiteElo "2592"]
[BlackElo "2855"]
[TimeControl "180+1"]
[EndTime "14:37:46 PST"]
[Termination "Vladimir_Zakhartsov won on time"]

1. e4 c5 2. Nf3 d6 3. Bb5+ Bd7 4.
Bxd7+ Nxd7 5. O-O e6 6. Qe2 Be7 7. Rd1 Ngf6 8. d4 cxd4 9. Nxd4 O-O 10. c4 Rc8 11. b3 a6 12. Bb2 Qc7 13. Nc3 Rfe8 14.
Rac1 Bf8 15. g3 Qb8 16. Kg2 b6 17. f4 Qb7 18. Nf3 Nc5 19. Re1 Rb8 20. b4 Ncd7 21. a3 e5 22. Nd5 Nxd5 23. cxd5 exf4 24. gxf4 f5 25. Qd3 b5 26. e5 Nb6 27. Rc6 Nc4 28. Ba1 dxe5 29. fxe5 Rbd8 30. Qxf5 Rxd5 31. Re6 Red8 32.
Kg3 Rd3 33. Re4 g6 34. Qg4 Ne3 35. Qg5 Qxe4 36. Rf6 Nf5+ 37. Rxf5 Qxf5 0-1

[Event "Late-Titled-Tuesday-Blitz-January-23-2024"]
[Site "Chess.com"]
[Date "2024.01.23"]
[Round "4"]
[White "otrov-11"]
[Black "ferdipy"]
[Result "0-1"]
[WhiteElo "2479"]
[BlackElo "2324"]
[TimeControl "180+1"]
[EndTime "14:37:46 PST"]
[Termination "ferdipy won by resignation"]

1. Nf3 Nf6 2. g3 e6 3. Bg2 d5 4.
O-O Be7 5. d3 O-O 6. Nbd2 c5 7.
e4 dxe4 8. dxe4 Nc6 9. Re1 b6 10. e5 Nd5 11. Ne4 Bb7 12. c3 h6 13. a4 Qc7 14.
Ned2 Rad8 15. Qc2 Qb8 16. Nc4 a6 17. h4 b5 18. axb5 axb5 19. Ncd2 c4 20. Qe4 Rfe8 21.
Qg4 Bf8 22. Ne4 Nxe5 23. Nxe5 Qxe5 24. Bxh6 Qf5 25. Qe2 gxh6 26. Ra7 Ba8 27. Kh2 Nf6 28.
f3 Nxe4 29. fxe4 Qg6 30. Rf1 Re7 31. Ra5 Bc6 32. Bf3 Red7 33. Rf2 Rd2 34. Qxd2 Rxd2 35.
Rxd2 Bxe4 36. Bd1 Bd3 37. Ra8 Kg7 38. Rg2 Qe4 39. Ra1 Bd6 40. Bh5 Qxh4+ 41. Kg1 Qxh5 0-1

[Event "Late-Titled-Tuesday-Blitz-January-23-2024"]
[Site "Chess.com"]
[Date "2024.01.23"]
[Round "4"]
[White "ContrVersia"]
[Black "maximnovik"]
[Result "1-0"]
[WhiteElo "2847"]
[BlackElo "2576"]
[TimeControl "180+1"]
[EndTime "14:37:48 PST"]
[Termination "ContrVersia won on time"]

1. c4 Nf6 2. Nc3 d5 3. cxd5 Nxd5 4. Nf3 g6 5. h4 Bg7 6. h5 O-O 7. g3 c5 8. Bg2 Nc6 9. hxg6 hxg6 10. Ng5 e6 11. f4 Nxc3 12. bxc3 e5 13. Kf2 Bg4 14. Rb1 Qc7 15. Rh4 Bf5 16. Qh1 Rfd8 17. Rxb7 Qxb7 18.
Bxc6 Qc7 19. Bxa8 exf4 20. gxf4 Kf8 21. Bf3 c4 22. e4 Bc8 23. Ba3+ Ke8 24. Rh8+ Bxh8 25.
Qxh8+ Kd7 26. Qf6 Qb6+ 27. Qxb6 axb6 28. Nxf7 Re8 29. Ne5+ Ke6 30. Nxc4 b5 31. Nd6 Rh8 32. Nxc8 Rxc8 33. Bg4+ 1-0

[Event "Late-Titled-Tuesday-Blitz-January-23-2024"]
[Site "Chess.com"]
[Date "2024.01.23"]
[Round "4"]
[White "Cheer_Down"]
[Black "bescmelasti"]
[Result "0-1"]
[WhiteElo "2429"]
[BlackElo "2694"]
[TimeControl "180+1"]
[EndTime "14:37:48 PST"]
[Termination "bescmelasti won on time"]

1. e4 e5 2. Bc4 Nc6 3. d3 Nf6 4.
Nc3 Na5 5. Nge2 Nxc4 6. dxc4 Bc5 7. O-O d6 8. Qd3 a5 9. Be3 Nd7 10. Ng3 O-O 11. Nf5 Bxe3 12. Nxe3 Nc5 13. Qd2 Qh4 14. f3 f5 15. exf5 Bxf5 16. Ncd5 c6 17. g3 Qd8 18.
Nxf5 Rxf5 19. Ne3 Rf6 20. Rad1 Qe7 21. b3 Raf8 22. Kg2 a4 23. b4 Ne6 24. h4 Nd4 25. f4 exf4 26. Ng4 Rg6 27. Rxf4 Rxf4 28. Qxf4 Qe2+ 29. Nf2 Rf6 30. Qxd4 Rxf2+ 31. Qxf2 Qxd1 32.
a3 h6 33. Kh2 Qc1 34. Qf5 Qxa3 35. Qc8+ Kf7 36. Qd7+ Kf6 37. Qxd6+ Kf5 38. Qf4+ Ke6 39.
Qg4+ Kd6 40. Qf4+ Kd7 41. Qf7+ Kc8 42. Qe8+ Kc7 43. Qe5+ Kd7 44. Qf5+ Kd8 45. Qf8+ Kc7 46. Qf4+ Kb6 47. c5+ Ka7 48. Qc4 Qb2 0-1